 Dungeon Crawl Stone Soup version 0.30-a0-1085-g990a428a5c (webtiles) character file.

Game seed: 877150581445218776

354 NateTC the Trooper (level 6, -5/40 HPs)
             Began as a Gargoyle Fighter on Apr 16, 2023.
             Slain by a black bear (8 damage)
             ... on level 4 of the Dungeon.
             The game lasted 00:03:12 (2244 turns).

NateTC the Trooper (Gargoyle Fighter)               Turns: 2244, Time: 00:03:13

Health: -5/40      AC: 11    Str: 21    XL:     6   Next: 63%
Magic:  6/6        EV:  9    Int:  9    God:
Gold:   120        SH:  4    Dex:  9    Spells: 5/5 levels left

rFire   . . .      SeeInvis .    a - +0 flail
rCold   . . .      Faith    .    c - +0 buckler
rNeg    + . .      Spirit   .    b - +0 scale mail
rPois   ∞          Reflect  .    (no helmet)
rElec   +          Rampage  .    (no cloak)
rCorr   .                        (no gloves)
Will    .....                    (no boots) Stlth
                                 g - amulet of the acrobat
HPRegen 0.26/turn                (no ring)
MPRegen 0.10/turn                (no ring)

@: no status effects
A: sickness immunity, AC +4, negative energy resistance 1, electricity
resistance, torment resistance 1, petrification resistance
a: no special abilities


You were on level 4 of the Dungeon.
You visited 1 branch of the dungeon, and saw 4 of its levels.

You collected 120 gold pieces.

Inventory:

Hand Weapons
 a - a +0 flail (weapon)
Armour
 b - a +0 scale mail (worn)
 c - a +0 buckler (worn)
Jewellery
 g - an amulet of the acrobat (around neck)
Scrolls
 j - 2 scrolls of blinking
 k - 2 scrolls of fear
Potions
 d - 2 potions of might
 f - a potion of flight {unknown}
 i - a potion of magic


   Skills:
 * Level 5.2 Fighting
 * Level 4.0 Maces & Flails
 + Level 4.2 Armour
 - Level 1.1 Dodging
 + Level 4.3 Shields


You had 5 spell levels left.
You didn't know any spells.
Your spell library contained the following spells:

 Spells                   Type           Power      Damage    Failure   Level
 Ensorcelled Hibernation  Hex/Ice        0%         N/A       91%         2
 Passwall                 Tmut/Erth      0%         N/A       91%         2
 Swiftness                Air            0%         N/A       99%         3


Dungeon Overview and Level Annotations

Branches:
Dungeon (4/15) Zot: 21688
 Temple: D:4-7

Altars:

Shops:
D:4 !


Innate Abilities, Weirdness & Mutations

You are immune to sickness and miasma.
Your stone body is resilient. (AC +4)
You are immune to poison.
You resist negative energy. (rN+)
You are resistant to electric shocks. (rElec)
You are resistant to unholy torment.
You are immune to petrification.


Message History

You are too injured to fight recklessly!
You are too injured to fight recklessly!
You are too injured to fight recklessly!
You are too injured to fight recklessly!
You are too injured to fight recklessly!
You are too injured to fight recklessly!
You are too injured to fight recklessly!
You are too injured to fight recklessly!
You are too injured to fight recklessly!
You are too injured to fight recklessly!
You are too injured to fight recklessly!
You are too injured to fight recklessly!
You are too injured to fight recklessly!
You sock the black bear!
The black bear is heavily wounded.
The black bear bites you!
The black bear claws you but does no damage.
You block the black bear's attack.
You hit the black bear but do no damage.
The black bear is heavily wounded.
The black bear closely misses you. The black bear claws you.
* * * LOW HITPOINT WARNING * * *
You block the black bear's attack. The black bear barely misses you.
The black bear claws you.
* * * LOW HITPOINT WARNING * * *
The black bear barely misses you.
You barely miss the black bear.
The black bear is heavily wounded.
The black bear barely misses you. You block the black bear's attack. x2
You sock the black bear!
The black bear is severely wounded.
The black bear goes berserk!
You sock the black bear!
The black bear is almost dead.
The black bear bites you.
* * * LOW HITPOINT WARNING * * *
You block the black bear's attack. The black bear claws you.
* * * LOW HITPOINT WARNING * * *
The black bear bites you!
You die...

##### ....# ###'##
.....# .....# .....# #+#
.....# #######.#
.....####.....#.#####...
..............'.@h......
.........|....#####.#...
.........####.....#.#
...>................+
..................#.#
#############.#####
##########.#
...........# #
#........######.#


You could see a black bear (berserk).

Vanquished Creatures
  An ogre (D:4)
  A scorpion (D:3)
  An orc priest (D:3)
  An orc wizard (D:3)
  4 gnolls (D:3)
  5 adders
  A white imp (D:4)
  A worm (D:3)
  2 dart slugs
  4 orcs
  3 bats
  7 endoplasms
  2 giant cockroaches
  5 goblins
  6 hobgoblins (D:1)
  5 ball pythons
  A frilled lizard (D:1)
  2 kobolds (D:3)
  4 rats (D:1)
56 creatures vanquished.

Notes
Turn   | Place    | Note
-------+----------+-------------------------------------------
     0 | D:1      | NateTC the Gargoyle Fighter began the quest for the Orb.
     0 | D:1      | Reached XP level 1. HP: 14/14 MP: 1/1
    53 | D:1      | Found a faded altar of an unknown god.
    93 | D:1      | Reached XP level 2. HP: 19/19 MP: 2/2
   257 | D:1      | Reached XP level 3. HP: 21/24 MP: 3/3
   676 | D:2      | Identified the +6 spear of Hacking and Slashing {heavy,
                  | rPois MP+9 Dex-5 Stlth+}
   737 | D:2      | Reached skill level 4 in Fighting
  1103 | D:3      | Reached XP level 4. HP: 27/29 MP: 4/4
  1217 | D:3      | Noticed a scorpion
  1224 | D:3      | Killed a scorpion
  1225 | D:3      | Reached XP level 5. HP: 30/34 MP: 5/5
  1589 | D:3      | Reached skill level 1 in Dodging
  1827 | D:3      | Reached XP level 6. HP: 33/40 MP: 6/6
  1979 | D:4      | Found Durehat's Distillery.
  2004 | D:4      | Reached skill level 5 in Fighting
  2233 | D:4      | Noticed a black bear
  2244 | D:4      | Slain by a black bear

Illustrated notes

Levels and vault maps discovered:
D:1:      lightli_arrival_windingriver, layout_rooms,
          ebering_ecumenical_altar_sacrificial
D:2:      layout_basic, minmay_misc_feat_rugged
D:3:      layout_basic
D:4:      layout_basic, lemuel_doored_altar, serial_shops,
          nicolae_stop_n_shop_1, ebering_ghost_sewer_d,
          kennysheep_opposing_triangles

Skill      XL: |  1  2  3  4  5  6 |
---------------+-------------------+-----
Fighting       | 4 5 |  5.2
Maces & Flails | 3 4 |  4.0
Armour         | 4 |  4.2
Dodging        | 1 |  1.1
Shields        | 4 |  4.3

Action                     |  1- 3 |  4- 6 || total
---------------------------+-------+-------++-------
  Melee: Flail             |   111 |   111 ||   222
    Use: Scroll            |     6 |     1 ||     7
         Potion            |       |     3 ||     3
 Armour: Scale mail        |    48 |    80 ||   128
  Dodge: Dodged            |    66 |    75 ||   141
  Block: Buckler           |    33 |    33 ||    66

Table legend: (Time is in decaauts)
 A = Elapsed time spent in this place.
 B = Non-inter-level travel time spent in this place.
 C = Inter-level travel time spent in this place.
 D = Time resting spent in this place.
 E = Time spent auto-exploring this place.
 F = Levels seen in this place.
 G = Mean time per level.
                   A        B        C        D        E       F      G
               +--------+--------+--------+--------+--------+-----+--------+
         Total |   2310 |   2188 |    122 |    182 |   1473 |   4 |  577.5 |
       Dungeon |   2310 |   2188 |    122 |    182 |   1473 |   4 |  577.5 |
               +--------+--------+--------+--------+--------+-----+--------+

Top non-repeatable levels by time:
     D:3: 949 daAuts
     D:2: 568 daAuts
     D:1: 518 daAuts
     D:4: 274 daAuts
